Map: Taito Citadel LE

Players

Adp - Winner!

  • Race: Zerg Zerg
  • Spawn Location: 5:00

A.I. 1 (Very Hard)

  • Race: Terran Terran
  • Spawn Location: 11:00

VOD

Have the link to the VOD?

Description

Test

Time

  • Played on: March 4, 2026, 11:31 p.m.
  • Length: 17:44
Show
View Real Time Build Order
Export as new Build Order

Adp Zerg - Winner!

Build Orders: Hatch First, Lurkers 

Get SALT Encoding   

  12  0:00  Drone  
  13  0:10  Drone  
  14  0:19  Overlord  
  14  0:39  Drone x2  
  16  0:50  Drone  
  16  0:52  Hatchery  
  16  0:53  Drone  
  17  1:01  Extractor  
  17  1:02  Drone  
  17  1:14  Spawning Pool  
  17  1:17  Drone  
  17  1:22  Drone  
  18  1:33  Drone  
  19  1:47  Drone  
  19  1:54  Overlord  
  20  2:01  Queen  
  20  2:06  Metabolic Boost  
  20  2:07  Extractor  
  21  2:12  Roach Warren  
  20  2:18  Queen  
  23  2:30  Drone x3  
  23  2:36  Drone  
  26  2:40  Drone  
  27  2:48  Drone  
  28  3:11  Hatchery, Drone x2  
  29  3:14  Drone x2  
  31  3:20  Overlord  
  31  3:29  Evolution Chamber  
  31  3:32  Evolution Chamber  
  29  3:43  Drone x2  
  29  3:44  Drone x2  
  33  3:52  Drone x3  
  33  3:53  Drone  
  37  3:58  Zerg Melee Weapons Level 1  
  37  4:06  Zerg Ground Armor Level 1  
  37  4:07  Zergling x2  
  38  4:10  Zergling x2  
  38  4:15  Burrow  
  39  4:29  Overlord  
  39  4:33  Drone x5  
  39  4:34  Drone x3  
  46  4:53  Lair  
  46  4:55  Zergling x16  
  54  5:03  Baneling Nest  
  54  5:05  Queen  
  54  5:31  Zergling x2  
  54  5:32  Zergling x6  
  54  5:34  Overlord x3  
  58  5:45  Overlord  
  58  5:51  Queen  
  60  6:02  Zergling x18  
  69  6:14  Zerg Melee Weapons Level 2, Hydralisk Den  
  69  6:16  Zerg Ground Armor Level 2  
  68  6:42  Zergling x2  
  68  6:43  Zergling x22  
  80  6:47  Grooved Spines  
  80  6:51  Hydralisk  
  80  6:52  Hydralisk x2  
  80  6:53  Lurker Den  
  85  6:55  Overlord x4  
  83  7:17  Zergling x2  
  83  7:18  Zergling x20  
  89  7:28  Hydralisk  
  89  7:29  Hydralisk x2  
  95  7:38  Muscular Augments  
  95  7:44  Extractor  
  95  7:46  Extractor  
  95  7:49  Queen  
  94  8:12  Zergling x20  
  98  9:00  Hydralisk  
  98  9:01  Hydralisk x10  
  115  9:34  Zergling x12  
  115  9:36  Overlord x3  
  114  9:52  Overlord x3  
  114  9:57  Zerg Missile Weapons Level 1  
  114  10:05  Lurker  
  114  10:06  Lurker  
  116  10:11  Lurker  
  117  10:18  Drone x2  
  117  10:19  Drone x6  
  125  10:44  Zergling x18  
  125  10:45  Zergling x2  
  134  11:01  Infestation Pit  
  133  11:08  Lurker x4  
  131  11:50  Zergling x20  
  126  13:02  Hydralisk  
  126  13:03  Hydralisk x8  
  139  13:14  Zerg Missile Weapons Level 2  
  139  13:15  Extractor  
  139  13:16  Hive  
  138  13:20  Centrifugal Hooks  
  138  13:21  Hydralisk x3, Extractor  
  142  13:37  Zergling x2  
  142  13:38  Zergling x14  
  141  14:43  Lurker x5  
  141  14:44  Lurker x2  
  141  14:45  Hydralisk  
  148  14:46  Hydralisk x5  
  148  14:47  Overlord x2  
  148  14:48  Overlord  
  148  14:51  Overseer  
  121  15:50  Zergling x2  
  121  15:51  Zergling x20  
  128  16:35  Zergling x2  
  128  16:36  Zergling x16  
  135  16:55  Overlord x3  
  135  17:03  Hatchery  
  134  17:10  Hatchery  
Show
View Real Time Build Order
Export as new Build Order

A.I. 1 (Very Hard) Terran 

Build Orders:  

Get SALT Encoding   

  12  0:00  SCV  
  13  0:13  SCV  
  14  0:18  Supply Depot  
  14  0:25  SCV  
  15  0:39  SCV  
  16  0:45  Barracks  
  16  0:51  SCV  
  17  1:04  SCV  
  18  1:10  Refinery  
  18  1:11  Supply Depot  
  18  1:16  SCV  
  19  1:28  SCV  
  20  1:33  Marine  
  21  1:44  Command Center  
  21  2:04  Barracks  
  21  2:06  SCV  
  22  2:08  Marine  
  22  2:14  Factory  
  23  2:18  SCV  
  23  2:22  Supply Depot  
  24  2:27  Marine  
  25  2:30  SCV  
  26  2:42  SCV  
  27  2:45  Marine  
  28  2:54  SCV  
  28  2:56  Orbital Command  
  29  2:59  Refinery  
  29  3:00  Factory Tech Lab  
  29  3:10  Orbital Command  
  29  3:13  Marine  
  29  3:15  Marine  
  31  3:22  SCV  
  32  3:31  Marine  
  32  3:33  Marine  
  34  3:34  SCV  
  34  3:35  SCV  
  36  3:44  Barracks  
  36  3:46  SCV  
  36  3:47  SCV  
  38  3:49  Marine  
  38  3:51  Barracks Tech Lab  
  39  3:58  SCV  
  39  3:59  Supply Depot, SCV  
  41  4:08  Barracks Tech Lab, Marine  
  42  4:10  SCV  
  42  4:11  SCV, Stimpack  
  42  4:14  Siege Tank  
  47  4:22  SCV  
  47  4:23  SCV  
  49  4:25  Combat Shield  
  49  4:26  Marine x2  
  49  4:30  Marine  
  49  4:31  Supply Depot  
  52  4:34  SCV  
  52  4:36  SCV  
  54  4:39  Supply Depot  
  54  4:44  Marine  
  54  4:45  Marauder  
  57  4:46  SCV  
  57  4:48  SCV  
  57  4:49  Barracks Reactor  
  57  4:52  Siege Tank  
  62  4:58  Refinery  
  62  4:59  SCV  
  63  5:00  SCV  
  63  5:02  Marauder  
  63  5:06  Marauder  
  68  5:10  Supply Depot  
  68  5:11  SCV  
  68  5:12  SCV, Refinery  
  69  5:23  SCV  
  69  5:24  Marauder, SCV, Hellion  
  69  5:27  Marauder  
  77  5:35  Supply Depot  
  77  5:36  SCV  
  77  5:39  SCV  
  79  5:43  Engineering Bay  
  79  5:45  Marauder  
  79  5:46  Hellion  
  79  5:48  SCV  
  84  5:56  SCV  
  84  5:57  Marauder  
  87  6:00  SCV  
  87  6:01  Engineering Bay  
  87  6:03  Supply Depot  
  88  6:06  Marauder  
  88  6:07  Siege Tank  
  88  6:08  SCV  
  88  6:09  Terran Infantry Armor Level 1  
  94  6:12  Missile Turret  
  94  6:22  Concussive Shells  
  94  6:25  SCV  
  95  6:26  Missile Turret, Terran Infantry Weapons Level 1  
  95  6:28  Supply Depot  
  95  6:34  Marauder  
  95  6:35  Barracks  
  95  6:38  Starport  
  95  6:39  Hellion  
  99  6:48  Armory  
  99  6:50  Marauder  
  99  6:53  Supply Depot  
  101  7:00  Siege Tank  
  102  7:14  Command Center  
  102  7:15  Starport Reactor, SCV  
  102  7:16  Supply Depot  
  102  7:17  SCV  
  99  7:22  Marine  
  99  7:24  Marine  
  99  7:27  SCV  
  99  7:29  SCV  
  103  7:32  Armory  
  103  7:33  Hellion  
  103  7:36  Terran Vehicle And Ship Armor Level 1  
  105  7:39  SCV  
  105  7:41  Marauder  
  105  7:42  Supply Depot  
  108  7:45  Marauder  
  108  7:50  Missile Turret, Medivac  
  112  7:51  Medivac  
  112  7:54  Hellion  
  116  8:07  Supply Depot  
  116  8:15  Siege Tank  
  116  8:19  Terran Vehicle Weapons Level 1  
  118  8:20  Medivac  
  118  8:26  SCV  
  122  8:27  SCV x2  
  123  8:38  SCV  
  123  8:39  SCV x2  
  123  8:40  Refinery  
  126  8:44  Supply Depot  
  126  8:48  Hellion  
  128  8:49  Missile Turret  
  128  8:51  SCV x3  
  117  9:03  SCV x3  
  117  9:09  Siege Tank  
  121  9:15  SCV x2  
  121  9:16  Orbital Command  
  121  9:21  Terran Infantry Weapons Level 2  
  121  9:24  Missile Turret  
  121  9:25  Infernal Pre-Igniter  
  121  9:27  SCV  
  121  9:28  SCV  
  122  9:39  SCV  
  122  9:40  SCV  
  122  9:41  Hellion  
  122  9:42  SCV, Marine  
  122  9:44  Marine  
  127  9:49  Missile Turret  
  127  9:51  SCV  
  129  9:52  SCV  
  129  9:54  SCV  
  130  10:03  Hellion, SCV  
  130  10:04  SCV  
  130  10:06  SCV  
  135  10:09  Missile Turret  
  135  10:13  Hi-Sec Auto Tracking  
  135  10:15  SCV  
  135  10:17  SCV  
  135  10:18  Factory, SCV  
  137  10:21  Starport  
  137  10:22  Terran Vehicle Weapons Level 2  
  137  10:24  Widow Mine  
  137  10:27  SCV  
  140  10:34  SCV  
  140  10:36  SCV  
  140  10:39  SCV  
  141  10:45  Hellion  
  141  10:46  SCV  
  141  10:48  Supply Depot  
  144  10:52  SCV  
  144  10:53  SCV  
  135  10:58  SCV  
  135  11:04  SCV  
  128  11:05  SCV  
  128  11:06  Command Center, Starport Tech Lab  
  128  11:07  Widow Mine  
  128  11:09  Widow Mine  
  128  11:10  SCV, Neosteel Armor  
  134  11:13  Missile Turret  
  134  11:16  SCV  
  135  11:19  SCV  
  135  11:22  SCV  
  139  11:25  Raven  
  139  11:28  SCV, Widow Mine  
  139  11:30  Factory Tech Lab  
  142  11:34  SCV  
  142  11:35  SCV  
  144  11:40  SCV  
  144  11:46  Terran Infantry Weapons Level 3, SCV  
  145  11:47  SCV  
  145  11:49  Hellion x2  
  145  11:52  SCV  
  151  11:56  Supply Depot  
  151  11:58  SCV  
  151  12:00  Raven, SCV  
  155  12:04  SCV  
  156  12:10  Hellion  
  156  12:11  SCV, Hellion  
  156  12:12  Medivac  
  156  12:14  Factory  
  156  12:15  Medivac  
  165  12:16  SCV  
  165  12:18  SCV  
  165  12:23  SCV, Supply Depot  
  165  12:28  SCV  
  157  12:30  SCV  
  157  12:32  Hellion x2  
  157  12:35  SCV  
  158  12:40  SCV  
  149  12:46  SCV  
  138  12:53  SCV, Hellion  
  138  12:54  Hellion  
  142  13:01  SCV  
  142  13:04  SCV  
  142  13:07  SCV  
  143  13:13  SCV  
  143  13:19  SCV  
  145  13:20  SCV  
  145  13:26  SCV  
  147  13:31  SCV  
  147  13:32  SCV  
  149  13:38  SCV  
  146  13:42  Siege Tank  
  146  13:43  SCV  
  146  13:44  SCV  
  148  13:50  SCV  
  149  13:55  SCV  
  149  13:57  SCV  
  149  14:02  SCV, Siege Tank  
  155  14:07  SCV  
  155  14:09  SCV  
  150  14:14  SCV  
  150  14:20  SCV  
  151  14:26  SCV  
  151  14:28  SCV  
  153  14:32  SCV  
  154  14:38  SCV  
  154  14:44  SCV x2  
  157  14:48  Terran Infantry Armor Level 2, Cyclone  
  157  14:50  Cyclone, SCV  
  164  14:56  SCV  
  164  14:57  SCV  
  166  15:02  SCV  
  167  15:13  Command Center  
  167  15:18  SCV  
  167  15:19  SCV  
  165  15:21  SCV  
  144  15:28  Marine x2  
  144  15:30  SCV  
  144  15:31  SCV, Marine  
  144  15:33  Marine  
  144  15:34  SCV  
  121  15:36  Marine  
  121  15:42  SCV  
  99  15:44  SCV  
  99  15:46  Marine x2, SCV  
  99  15:49  Marine  
  88  15:51  Hellion  
  88  15:54  Marine, Hellion  
  80  16:00  Hellion  
  69  16:12  Hellion  
  38  16:54  Marine x3, SCV x2  
  31  16:55  Marine  
  33  17:06  SCV  
  31  17:26  SCV  
Tags
 
Composition
Lurkers
Matchup
TvZ
Spawn Locations
Cross Positions
Add a new tag
Caveats
  • Supply blocks, unpowered buildings, or Contaminate may cause inaccurate times.
  • Supply counts are checked every 10 seconds.